AoeStats
← APs | Power to the People

African Clearing

510850078Analyzed
4v4 RM · 9h ago on Oct 2, 2026· 20m 2s· 8 players
Game mode
Random Map
Map size
Large (8 player)
Population
200
Speed
Normal
Resources
Standard
Victory
Conquest
Starting age
Dark Age
Ending age
Imperial Age
RankedLock teamsTeams togetherTeam positionsShared explorationLock speedFull tech treeHidden civsTurbo modeCheats
Victory
Defeat
🇮🇹 Mongols · Italy
1601
+7
🇹🇷 Chinese · Türkiye
1587
+8
🇧🇷 Bohemians · Brazil
1543
+9
🇸🇪 Franks · Sweden
1474
+12
🇦🇷 Britons · Argentina
1478
-11
🇦🇷 Goths · Argentina
1438
-11
🇦🇷 Malay · Argentina
1400
-9
🇦🇷 Persians · Argentina
1238
-5
Julio2
5:53 Loom
14:20 Feudal Age
17:21 Double-Bit Axe
19:46 Castle Age
imenek
3:01 Loom
12:44 Feudal Age
13:17 Feudal Age
14:24 Double-Bit Axe
17:07 Castle Age
15:15 Gold Mining
15:16 Horse Collar
17:03 Scale Barding Armor
17:11 Bloodlines
17:52 Forging
Remo
10:41 Feudal Age
11:35 Double-Bit Axe
12:51 Horse Collar
Squirrel of DEATH
11:37 Feudal Age
10:38 Loom
12:59 Double-Bit Axe
15:47 Fletching
21:08 Castle Age
kizan
4:22 Loom
13:32 Feudal Age
14:16 Double-Bit Axe
14:17 Horse Collar
18:44 Fletching
18:55 Padded Archer Armor
20:22 Wheelbarrow
APs | MercadoDelAge
10:41 Loom
13:03 Feudal Age
14:13 Double-Bit Axe
17:04 Castle Age
16:02 Scale Mail Armor
APs | fleita
12:00 Loom
13:58 Feudal Age
13:49 Fishing Lines
16:10 Double-Bit Axe
17:49 Fletching
APs | Power to the People
11:49 Feudal Age
11:20 Loom
16:14 Castle Age
14:27 Double-Bit Axe
15:28 Fletching
16:20 Stone Mining
Connection lost

Rejoining the realm…

Still unreachable

The connection could not be restored.

Session expired

The server has moved on; the page needs a fresh start.